 Dungeon Crawl Stone Soup version 0.30-b1-2-g02819fbbbe (webtiles) character file.

Game seed: 7174673435317115624

1167 Arcadio the Covered (level 8, 0/74 HPs)
             Began as a Minotaur Fighter on May 13, 2023.
             Slain by an orc wizard
             ... wielding a +0 dagger
              (4 damage)
             ... on level 6 of the Dungeon.
             The game lasted 00:06:37 (4847 turns).

Arcadio the Covered (Minotaur Fighter)              Turns: 4847, Time: 00:06:38

Health: 0/74       AC:  9    Str: 22    XL:     8   Next: 17%
Magic:  7/7        EV:  9    Int: 11    God:
Gold:   247        SH:  4    Dex: 11    Spells: 7/7 levels left

rFire   . . .        a - +0 war axe
rCold   . . .        c - +0 buckler
rNeg    . . .        b - +0 scale mail
rPois   .            (helmet restricted)
rElec   .            i - +0 cloak
rCorr   .            (no gloves)
SInv    .            (no boots)
Will    .....        (no amulet) Stlth
                     h - +6 ring of intelligence
HPRegen 0.32/turn    (no ring)
MPRegen 0.10/turn

%: no passive effects
@: no status effects
A: horns 2, retaliatory headbutt
a: no special abilities


You were on level 6 of the Dungeon.
You visited 1 branch of the dungeon, and saw 6 of its levels.
You also visited: Sewer.

You collected 247 gold pieces.

Inventory:

Hand Weapons
 a - a +0 war axe (weapon)
Armour
 b - a +0 scale mail (worn)
 c - a +0 buckler (worn)
 i - a +0 cloak (worn)
 s - a +0 hat
 C - a +0 pair of gloves
Jewellery
 h - a +6 ring of intelligence (left hand)
 D - a ring of ice
Wands
 A - a wand of flame (2)
Scrolls
 f - a scroll of acquirement {unknown}
 g - a scroll of silence {unknown}
 j - 2 scrolls of vulnerability
 k - a scroll of immolation {unknown}
 l - a scroll of magic mapping
 m - a scroll of blinking {unknown}
 r - a scroll of teleportation {unknown}
 t - a scroll of fog {unknown}
 u - a scroll of fear {unknown}
 x - a scroll of poison {unknown}
 y - a scroll of torment {unknown}
 z - a scroll of enchant weapon {unknown}
Potions
 d - 2 potions of might
 e - 3 potions of haste
 n - a potion of flight
 o - 2 potions of brilliance
 q - a potion of ambrosia {unknown}
 v - a potion of resistance {unknown}
 w - a potion of invisibility {unknown}
 B - 2 potions of berserk rage {unknown}


   Skills:
 + Level 7.6 Fighting
 + Level 7.1 Axes
 + Level 7.7 Armour
 - Level 3.6 Shields


You had 7 spell levels left.
You didn't know any spells.
Your spell library contained the following spells:

 Spells                   Type           Power      Damage    Failure   Level
 Kiss of Death            Conj/Necr      0%         2d5       71%         1
 Magic Dart               Conj           0%         1d3       71%         1
 Summon Small Mammal      Summ           0%         N/A       71%         1
 Searing Ray              Conj           0%         2d4       83%         2
 Call Canine Familiar     Summ           0%         N/A       97%         3
 Confusing Touch          Hex            0%         N/A       97%         3
 Summon Guardian Golem    Hex/Summ       0%         N/A       97%         3
 Dispel Undead            Necr           0%         3d6       100%        4
 Fulminant Prism          Conj/Hex       0%         3d5       100%        4


Dungeon Overview and Level Annotations

Branches:
Dungeon (6/15) Zot: 26831   Sewer (visited)
 Temple: D:4-7

Altars:
Cheibriados
Kikubaaqudgha

Shops:
D:6 *


Innate Abilities, Weirdness & Mutations

You have a pair of horns on your head.
You reflexively headbutt those who attack you in melee.


Message History

A puff of flame appears from out of thin air!
The puff of flame hits you. Something hits you. The iguana bites you!
* * * LOW HITPOINT WARNING * * *
You hit the iguana but do no damage. You hit something.
Something hits you but does no damage. You block the iguana's attack.
You closely miss the iguana. Your headbutt misses the iguana.
You hit something. Something hits you.
* * * LOW HITPOINT WARNING * * *
The iguana bites you but does no damage.
You hit the iguana.
The iguana is moderately wounded.
You completely miss something.
You hear some strange, mumbled words.
A puff of flame appears from out of thin air!
The puff of flame hits you.
* * * LOW HITPOINT WARNING * * *
The iguana barely misses you.
You feel better. Something hits you but does no damage.
The iguana completely misses you. You furiously retaliate!
You headbutt the iguana. You slash the iguana!
The iguana is almost dead.
You miss something.
You hear some strange, mumbled words.
A puff of flame appears from out of thin air!
The puff of flame hits you.
* * * LOW HITPOINT WARNING * * *
You block the iguana's attack.
You barely miss the iguana.
The iguana is almost dead.
You barely miss something.
You hear some strange, mumbled words.
A puff of flame appears from out of thin air!
The puff of flame hits you but does no damage.
The iguana bites you.
* * * LOW HITPOINT WARNING * * *
You slash the iguana!
You kill the iguana!
You completely miss something. Something hits you.
You die...

##.###..#
##............# #
#..# ###..#.#.....#
#.###..#####
#.#...#..####
#..........#
#...∩........
.........##.#
##)#...#..###
.........##.#
#...#.#...#
..####...##.#####
#.........# .
##.###....{#
#.#>.....#.... #.#
#####@#
#...##.##.####
....#####)#####....#
<#
#....oo)........#..#
.#
...###########....#
. ##.#.# # #.#.#
##.#.# #######....#
...........#


There were no monsters in sight!

Vanquished Creatures
  A steam dragon (D:3)
  An acid dragon (D:5)
  An orc warrior (D:6)
  An ogre (D:4)
  2 kobold brigands (Sewer)
  A howler monkey (D:3)
  4 hounds
  2 sleepcaps
  3 iguanas
  2 orc wizards
  Robin (D:2)
  9 adders
  7 river rats
  An ufetubus (D:4)
  A worm (D:4)
  6 dart slugs
  7 orcs
  5 bats
  11 endoplasms
  3 giant cockroaches
  18 goblins
  5 hobgoblins
  7 jackals
  10 kobolds
  3 quokkas
  19 ball pythons
  8 frilled lizards
  6 rats
145 creatures vanquished.

Vanquished Creatures (others)
  3 orcs
  An endoplasm (D:4)
  15 plants (Sewer)
19 creatures vanquished.

Grand Total: 164 creatures vanquished

Notes
Turn   | Place    | Note
-------+----------+-------------------------------------------
     0 | D:1      | Arcadio the Minotaur Fighter began the quest for the Orb.
     0 | D:1      | Reached XP level 1. HP: 19/19 MP: 0/0
   160 | D:1      | Reached XP level 2. HP: 26/27 MP: 1/1
   499 | D:1      | Reached XP level 3. HP: 31/33 MP: 2/2
   713 | D:2      | Noticed Robin
   726 | D:2      | Killed Robin
   905 | D:2      | Reached XP level 4. HP: 41/41 MP: 3/3
  1680 | D:3      | Reached skill level 5 in Armour
  1785 | D:3      | Reached skill level 5 in Fighting
  1785 | D:3      | Reached XP level 5. HP: 48/48 MP: 4/4
  2078 | D:4      | Found a snail-covered altar of Cheibriados.
  2138 | D:4      | Noticed a steam dragon
  2252 | D:3      | Killed a steam dragon
  2253 | D:3      | Reached skill level 5 in Axes
  2253 | D:3      | Reached XP level 6. HP: 6/57 MP: 5/5
  2440 | D:4      | Found a glowing drain.
  2456 | Sewer    | Entered a sewer
  2695 | Sewer    | Reached XP level 7. HP: 38/63 MP: 6/6
  3583 | D:4      | Found an ancient bone altar of Kikubaaqudgha.
  3839 | D:5      | Entered Level 5 of the Dungeon
  3843 | D:5      | Identified the +0 robe of Negheng {*Corrode Int+6}
  4240 | D:5      | Reached XP level 8. HP: 13/73 MP: 7/7
  4759 | D:6      | Found Ekhlepnat's Overcharged Wands.
  4847 | D:6      | Slain by an orc wizard

Illustrated notes

Levels and vault maps discovered:
D:1:      lordsloth_arrival_two_stooges, layout_loops_cross
D:2:      layout_loops_cross, st_stairs_8, uniq_robin
D:3:      layout_basic, minmay_misc_feat_diagonals
D:4:      layout_rooms, mainiacjoe_overflow_six_doors_small,
          mainiacjoe_overflow_chevrons, portal_sewer_entry_b,
          hangedman_decor_lopped
D:5:      layout_basic
D:6:      layout_loops_ring, nicolae_shop_overcharged_wands

Skill      XL: |  1  2  3  4  5  6  7  8 |
---------------+-------------------------+-----
Fighting       | 4 5 6 7 |  7.6
Armour         | 4 5 6 7 |  7.7
Axes           | 3 4 5 6 7 |  7.1
Shields        | |  3.6

Action                     |  1- 3 |  4- 6 |  7- 9 || total
---------------------------+-------+-------+-------++-------
  Melee: War axe           |    73 |   112 |   110 ||   295
         Headbutt          |     9 |    16 |    19 ||    44
    Use: Scroll            |       |     5 |     3 ||     8
         Potion            |       |     2 |     2 ||     4
 Armour: Scale mail        |    45 |    71 |    53 ||   169
  Dodge: Dodged            |    44 |    58 |    40 ||   142
  Block: Buckler           |    14 |    43 |    25 ||    82
